 Dungeon Crawl Stone Soup version 0.22.1-1-ga44c0e5 (webtiles) character file.

670 Folque the Slinger (level 7, 0/47 HPs)
             Began as a Halfling Hunter on Sept 23, 2018.
             Was a Follower of Zin.
             Slain by a river rat (8 damage)
             ... summoned by Eustachio
             ... on level 5 of the Dungeon.
             The game lasted 00:36:07 (5039 turns).

Folque the Slinger (Halfling Hunter)                Turns: 5039, Time: 00:36:07

Health: 0/47       AC:  4    Str: 12 (13) XL:     7   Next: 89%
Magic:  8/8        EV: 15    Int:  6 (9)  God:    Zin [*.....]
Gold:   44         SH:  0    Dex:  9 (17) Spells: 6/6 levels left

rFire    . . .     SeeInvis .   b - +0 short sword
rCold    . . .     Gourm    .   (shield restricted)
rNeg     . . .     Faith    .   c - +0 leather armour
rPois    .         Spirit   .   (no helmet)
rElec    .         Reflect  .   (no cloak)
rCorr    .         Harm     .   g - +0 pair of gloves
MR       .....                  (no boots)
Stlth    +.........             (no amulet)
HPRegen  0.15/turn              (no ring)
MPRegen  0.11/turn              (no ring)

@: reciting
A: small, mutation resistance 1
a: Recite, Donate Gold, Renounce Religion


You were on level 5 of the Dungeon.
You worshipped Zin.
Zin was aware of your devotion.
You were very hungry.

You visited 2 branches of the dungeon, and saw 6 of its levels.

You collected 194 gold pieces.
You donated 150 gold pieces to Zin.

Inventory:

Hand Weapons
 a - a +1 hunting sling
 b - a +0 short sword (weapon)
Missiles
 e - 26 stones (quivered)
Armour
 c - a +0 leather armour (worn)
 g - a +0 pair of gloves (worn)
Jewellery
 l - an uncursed ring of stealth {unknown}
Scrolls
 i - 2 scrolls of identify
 o - a scroll of enchant armour {unknown}
 s - a scroll of amnesia {unknown}
 u - a scroll of remove curse {unknown}
Potions
 h - a potion of mutation {unknown}
 m - a potion of lignification {unknown}
 n - a potion of ambrosia {unknown}
 r - a potion of degeneration
 t - a potion of resistance {unknown}
Comestibles
 f - 2 rations


   Skills:
 + Level 3.9 Fighting
 - Level 3.4 Short Blades
 - Level 8.2 Slings
 - Level 2.0 Armour
 - Level 4.1 Dodging
 - Level 1.1 Stealth
 * Level 1.7 Invocations
   Level 1.4 Evocations


You had 6 spell levels left.
You didn't know any spells.
Your spell library was empty.

Dungeon Overview and Level Annotations

Branches:
Dungeon (5/15)             Temple (1/1) D:4

Altars:
Ashenzari
Fedhas
Hepliaklqana
Kikubaaqudgha
Makhleb
Nemelex Xobeh
Okawaru
Ru
Sif Muna
Vehumet
Wu Jian
Yredelemnul
Zin

Annotations:
D:5 Eustachio


Innate Abilities, Weirdness & Mutations

You are small and have problems with some larger weapons.
You are somewhat resistant to further mutation.


Message History

Wield which item (- for none, * to show all)? (? for menu, Esc to quit)
b - a +0 short sword (weapon)
The river rat closely misses you.
You closely miss the river rat.
The river rat is severely wounded.
You hit the river rat but do no damage.
The river rat is severely wounded.
The river rat barely misses you.
You are feeling very hungry.
You closely miss the river rat.
The river rat is severely wounded.
The river rat closely misses you.
You clear your throat and prepare to recite. "And Zin decreed that the people would be..."
The bat misses you.
Eustachio casts a spell.
Eustachio blinks!
The river rat closely misses you. "...protected from unfaithfulness in all its forms, and..."
The river rat bites you!
You die...

#..@ ######...
#.......#
#.#.. ..#
#.(). ..###..
##...##....5.#
#............#
#...<#b#####
#...(#.@rbr#
#.##§#.###§# #
#(#####(#
#.@rb.((#
#########


You could see a river rat, a quokka and 2 bats.

Vanquished Creatures
  An ogre (D:4)
  A centaur (D:4)
  A scorpion (D:4)
  A crimson imp (D:5)
  An orc priest (D:3)
  A hound (D:4)
  Ijyb (D:3)
  2 orc wizards
  Robin (D:2)
  5 gnolls
  9 adders
  An adder skeleton (D:4)
  4 worms
  4 dart slugs
  3 leopard geckos
  13 orcs
  2 giant cockroaches
  12 goblins
  12 hobgoblins
  2 jackals (D:2)
  9 kobolds
  2 quokkas
  A ball python (D:4)
  4 bats
  A frilled lizard (D:3)
  7 rats
101 creatures vanquished.

Vanquished Creatures (collateral kills)
  A crimson imp (D:5)
  An orc wizard (D:3)
  An orc (D:3)
  A giant cockroach (D:3)
4 creatures vanquished.

Grand Total: 105 creatures vanquished

Notes
Turn   | Place    | Note
-------+----------+-------------------------------------------
     0 | D:1      | Folque the Halfling Hunter began the quest for the Orb.
     0 | D:1      | Reached XP level 1. HP: 14/14 MP: 1/1
   309 | D:1      | Reached skill level 6 in Slings
   506 | D:1      | Reached XP level 2. HP: 15/19 MP: 2/2
  1152 | D:2      | Reached XP level 3. HP: 25/25 MP: 3/3
  1471 | D:2      | Reached XP level 4. HP: 28/31 MP: 4/4
  1698 | D:2      | Found an ornate altar of the Wu Jian Council.
  1729 | D:2      | Found a deep blue altar of Sif Muna.
  1739 | D:2      | Found a radiant altar of Vehumet.
  1740 | D:2      | Found a blossoming altar of Fedhas.
  1745 | D:2      | Noticed Robin
  1780 | D:2      | Killed Robin
  1798 | D:2      | Reached skill level 1 in Short Blades
  2006 | D:3      | Reached skill level 7 in Slings
  2006 | D:3      | Reached XP level 5. HP: 16/36 MP: 5/5
  2129 | D:3      | Noticed Ijyb
  2129 | D:3      | Noticed an ice beast
  2485 | D:3      | Killed Ijyb
  2485 | D:3      | Reached XP level 6. HP: 13/42 MP: 6/6
  2896 | D:3      | Reached skill level 8 in Slings
  3059 | D:3      | Reached skill level 1 in Armour
  3502 | D:3      | Found an iron altar of Okawaru.
  3766 | D:4      | Reached XP level 7. HP: 46/46 MP: 7/7
  4031 | D:4      | Found a staircase to the Ecumenical Temple.
  4037 | Temple   | Entered the Ecumenical Temple
  4094 | Temple   | Became a worshipper of Zin the Law-Giver
  4094 | Temple   | Reached * piety under Zin
  4095 | Temple   | Donated 85 gold pieces to Zin
  4211 | D:4      | Found a blossoming altar of Fedhas.
  4220 | D:4      | Reached skill level 1 in Evocations
  4403 | D:5      | Entered Level 5 of the Dungeon
  4754 | D:5      | Reached skill level 1 in Invocations
  4957 | D:5      | Noticed Eustachio
  5011 | D:5      | Donated 46 gold pieces to Zin
  5039 | D:5      | Slain by a river rat

Skill      XL: |  1  2  3  4  5  6  7 |
---------------+----------------------+-----
Fighting       | 2 3 |  3.9
Slings         | 6 7 8 |  8.2
Short Blades   | 1 2 3 |  3.4
Dodging        | 3 4 |  4.1
Armour         | 2 |  2.0
Evocations     | 1 |  1.4
Invocations    | 1 |  1.7
Stealth        | |  1.1

Action                   |  1- 3 |  4- 6 |  7- 9 || total
-------------------------+-------+-------+-------++-------
Melee: Short sword       |    69 |   178 |   102 ||   349
 Fire: Hunting sling     |    30 |   161 |    73 ||   264
Throw: Tomahawk          |       |     2 |     4 ||     6
Invok: Recite            |       |       |    11 ||    11
       Donate Gold       |       |       |     2 ||     2
Evoke: Wand              |       |     2 |     2 ||     4
  Use: Potion            |       |     6 |     3 ||     9
       Scroll            |       |     2 |       ||     2
 Stab: Confused          |       |       |     3 ||     3
       Sleeping          |       |       |     1 ||     1
  Eat: Chunk             |     2 |     7 |     3 ||    12
Armor: Leather armour    |    15 |    26 |    38 ||    79
Dodge: Dodged            |    66 |   193 |   141 ||   400
